 Dungeon Crawl Stone Soup version 0.15.2 (webtiles) character file.

2 magipi the Chucker (level 1, -10/19 HPs)
             Began as an Ogre Arcane Marksman on Feb 1, 2015.
             Mangled by a gnoll
             ... wielding a +0 spear
              (12 damage)
             ... on Level 1 of the Dungeon.
             The game lasted 00:01:24 (197 turns).

magipi the Chucker (Ogre Arcane Marksman)            Turns: 197, Time: 00:01:24

HP -10/19        AC  3     Str 15      XL: 1   Next: 30%
MP   2/2         EV 10     Int 12      God:
Gold 0           SH  0     Dex  9      Spells:  1 memorised,  1 level left

rFire  . . .     SeeInvis .     e - +0 whip
rCold  . . .     Clarity  .     a - +0 robe
rNeg   . . .     rCorr    .     (shield restricted)
rPois  .         rRot     .     (helmet restricted)
rElec  .         Spirit   .     (no cloak)
SustAb .         Warding  .     (gloves unavailable)
rMut   .         Stasis   .     (boots unavailable)
Gourm  .                        (no amulet)
MR     .....                    (no ring)
                                (no ring)

@: not resistant to hostile enchantments, very unstealthy
A: unfitting armour, tough skin 1
a: no special abilities


You were on level 1 of the Dungeon.
You were not hungry.

You visited 1 branch of the dungeon, and saw 1 of its levels.

Inventory:

Hand weapons
 e - a +0 whip (weapon)
Armour
 a - a +0 robe (worn)
Comestibles
 f - a meat ration
Books
 d - a book of Debilitation

   Spells                             Type                      Level
   *Corona                            Hexes                        1
   Slow                               Hexes                        2
   Inner Flame                        Hexes/Fire                   3
   Enslavement                        Hexes                        4
   Cause Fear                         Hexes                        4
   Leda's Liquefaction                Hexes/Earth                  4


   Skills:
 - Level 1.3 Fighting
 + Level 0.0 Maces & Flails
 - Level 2.2 Throwing
 - Level 1.9 Dodging
 - Level 1.2 Spellcasting
 - Level 2.1 Hexes


You had one spell level left.
You knew the following spells:

 Your Spells              Type           Power        Failure   Level  Hunger
a - Corona                Hex            #......      14%         1    ##.....


Dungeon Overview and Level Annotations

Branches:
Dungeon (1/15)

Altars:


Innate Abilities, Weirdness & Mutations

You are too large for most types of armour.
You have tough skin (AC +1).

Vault maps used:
D:1:      saegor_arrival_simple_a, hangedman_decor_clover_reticule


Message History

The hobgoblin shouts!
Casting: Corona
Confirm with . or Enter, or press ? or * to list all spells.
Aiming: Corona
Press: ? - help, Shift-Dir - straight line, f - hobgoblin
Aim: a hobgoblin The hobgoblin is outlined in light.
Unknown command.
You barely miss the hobgoblin. The hobgoblin hits you.
You hit the hobgoblin.
The hobgoblin is lightly wounded.
The hobgoblin hits you.
You hit the hobgoblin.
The hobgoblin is moderately wounded.
The hobgoblin closely misses you.
You hit the hobgoblin.
The hobgoblin is severely wounded.
The hobgoblin hits you.
You barely miss the hobgoblin.
The hobgoblin is severely wounded.
The hobgoblin barely misses you.
You hit the hobgoblin but do no damage.
The hobgoblin is severely wounded.
The hobgoblin stops glowing.
The hobgoblin completely misses you.
You barely miss the hobgoblin.
The hobgoblin is severely wounded.
The hobgoblin hits you.
You completely miss the hobgoblin.
The hobgoblin is severely wounded.
The hobgoblin closely misses you.
You hit the hobgoblin.
The hobgoblin is almost dead.
The hobgoblin hits you.
You hit the hobgoblin but do no damage.
The hobgoblin is almost dead.
The hobgoblin misses you.
You hit the hobgoblin.
You kill the hobgoblin!
You see here a hobgoblin corpse.
You start resting.
A rat comes into view.
You hit the rat.
You kill the rat!
A jackal comes into view.
You see here a hobgoblin corpse.
Found a whip.
You see here a whip.
e - a whip Wield which item (- for none, * to show all)? (? for menu, Esc to quit)
e - a +0 whip (weapon)
A gnoll comes into view. It is wielding a spear.
Throwing (i - inventory. (,) - cycle):
b - 4 large rocks (quivered)
Press: ? - help, Shift-Dir - straight line, f - gnoll
Aim: a gnoll, wielding a spear You throw a large rock.
The large rock closely misses the gnoll.
Throwing (i - inventory. (,) - cycle):
b - 3 large rocks (quivered)
Press: ? - help, Shift-Dir - straight line, f/p - gnoll
Aim: a gnoll, wielding a spear You throw a large rock.
The large rock closely misses the gnoll.
Throwing (i - inventory. (,) - cycle):
b - 2 large rocks (quivered)
Press: ? - help, Shift-Dir - straight line, f/p - gnoll
Aim: a gnoll, wielding a spear You throw a large rock.
The large rock barely misses the gnoll.
The gnoll hits you but does no damage.
Throwing (i - inventory. (,) - cycle):
b - a large rock (quivered)
Press: ? - help, Shift-Dir - straight line, f/p - gnoll
Aim: a gnoll, wielding a spear You throw a large rock.
The large rock closely misses the gnoll.
The gnoll closely misses you.
Throwing (i - inventory):
c - 2 throwing nets (quivered)
Press: ? - help, Shift-Dir - straight line, f/p - gnoll
Aim: a gnoll, wielding a spear You throw a throwing net.
The throwing net closely misses the gnoll.
The gnoll hits you from afar with a spear.
Throwing (i - inventory):
c - a throwing net (quivered)
Press: ? - help, Shift-Dir - straight line, f/p - gnoll
Aim: a gnoll, wielding a spear You throw a throwing net.
The throwing net closely misses the gnoll.
The gnoll hits you with a spear!
You barely miss the gnoll. The gnoll hits you with a spear.
You hit the gnoll.
The gnoll is moderately wounded.
The gnoll hits you with a spear.
* * * LOW HITPOINT WARNING * * *
You barely miss the gnoll.
The gnoll is moderately wounded.
The gnoll barely misses you.
You hit the gnoll.
The gnoll is severely wounded.
The gnoll barely misses you. The gnoll hits you but does no damage.
You barely miss the gnoll.
The gnoll is heavily wounded.
The gnoll hits you with a spear!
Ouch! That really hurt!
You die...

#.#.#####
#.#.....#
#.#####.#
#.# #.#
#.# #.#
#(# #.#
#(# #.#
#g# #.#
#@#####.#
#.......#
#.#####.#
### ###


You could see a gnoll.

Table legend:
 A = Kills in this place as a percentage of kills in entire the game.
 B = Kills by you in this place as a percentage of kills by you in the entire game.
 C = Kills by friends in this place as a percentage of kills by friends in the entire game.
 D = Other kills in this place as a percentage of other kills in the entire game.
 E = Experience gained in this place as a percentage of experience gained in the entire game.
 F = Experience gained in this place divided by the number of levels of this place that you have seen.
                   A       B       C       D       E      F
               +-------+-------+-------+-------+-------+----------------------
         Total | 100.0 | 100.0 |  -nan |  -nan | 100.0 |   3.0
       Dungeon | 100.0 | 100.0 |  -nan |  -nan | 100.0 |   3.0
               +-------+-------+-------+-------+-------+----------------------

Vanquished Creatures
  A hobgoblin (D:1)
  A rat (D:1)
2 creatures vanquished.

Notes
Turn   | Place    | Note
--------------------------------------------------------------
     0 | D:1      | magipi, the Ogre Arcane Marksman, began the quest for the Orb.
     0 | D:1      | Reached XP level 1. HP: 19/19 MP: 2/2
   197 | D:1      | Mangled by a gnoll

Action                   || total
-------------------------++-------
Melee: Unarmed           ||    12
       Whip              ||     5
Throw: Large rock        ||     4
       Throwing net      ||     2
 Cast: Corona            ||     1

Action                   || total
-------------------------++-------
Melee: Unarmed           ||    12
       Whip              ||     5
Throw: Large rock        ||     4
       Throwing net      ||     2
 Cast: Corona            ||     1

Action                   || total
-------------------------++-------
Melee: Unarmed           ||    12
       Whip              ||     5
Throw: Large rock        ||     4
       Throwing net      ||     2
 Cast: Corona            ||     1
